 Dungeon Crawl Stone Soup version 0.30.0-19-g36f170ea60 (webtiles) character file.

Game seed: 11099923062551660959

66 belegose the Digger (level 4, 0/36 HPs)
             Began as a Gargoyle Earth Elementalist on May 29, 2023.
             Slain by Terence
             ... wielding a +0 flail
              (6 damage)
             ... on level 3 of the Dungeon.
             The game lasted 00:07:14 (2090 turns).

belegose the Digger (Gargoyle Earth Elementalist)   Turns: 2090, Time: 00:07:14

Health: 0/36       AC: 14    Str: 12    XL:     4   Next: 15%
Magic:  0/8        EV:  4    Int: 17    God:
Gold:   140        SH:  3    Dex: 10    Spells: 7/8 levels left

rFire   . . .        a - +0 long sword
rCold   . . .        o - +0 buckler
rNeg    + . .        m - +0 shadow dragon scales
rPois   ∞            (no helmet)
rElec   +            (no cloak)
rCorr   .            (no gloves)
SInv    .            (no boots)
Will    .....        g - amulet of guardian spirit Stlth
                     (no ring)
HPRegen 0.26/turn    (no ring)
MPRegen 0.11/turn

%: guardian spirit
@: berserking (expiring), very quick
A: sickness immunity, AC +3, negative energy resistance 1, electricity
resistance, torment resistance 1, petrification resistance
a: no special abilities


You were on level 3 of the Dungeon.
You visited 1 branch of the dungeon, and saw 3 of its levels.

You collected 140 gold pieces.

Inventory:

Hand Weapons
 a - a +0 long sword (weapon)
 b - a +0 dagger
Missiles
 e - 12 stones
Armour
 l - a +0 ring mail
 m - +0 shadow dragon scales (worn)
 o - a +0 buckler (worn)
 q - a +0 robe
Jewellery
 g - an amulet of guardian spirit (around neck)
Scrolls
 c - a scroll of noise {unknown}
 f - 2 scrolls of torment {unknown}
 i - 2 scrolls of teleportation {unknown}
 j - a scroll of immolation {unknown}
Potions
 d - a potion of magic
 h - a potion of flight {unknown}
 k - a potion of curing {unknown}
 n - a potion of degeneration {unknown}


   Skills:
 - Level 0.1 Fighting
 - Level 0.1 Short Blades
 - Level 1.5 Dodging
 + Level 2.7 Stealth
 - Level 0.1 Unarmed Combat
 + Level 2.8 Spellcasting
 - Level 0.7 Transmutations
 + Level 4.8 Earth Magic


You had 7 spell levels left.
You knew the following spells:

 Your Spells              Type           Power      Damage    Failure   Level
a - Sandblast             Erth           38%        2d10      86%         1

Your spell library contained the following spells:

 Spells                   Type           Power      Damage    Failure   Level
 Passwall                 Tmut/Erth      9%         N/A       99%         2
 Stone Arrow              Conj/Erth      20%        3d8       100%        3
 Petrify                  Tmut/Erth      11%        N/A       100%        4


Dungeon Overview and Level Annotations

Branches:
Dungeon (3/15)

Altars:

Annotations:
D:3 Terence


Innate Abilities, Weirdness & Mutations

You are immune to sickness and miasma.
Your stone body is resilient. (AC +3)
You are immune to poison.
You resist negative energy. (rN+)
You are resistant to electric shocks. (rElec)
You are resistant to unholy torment.
You are immune to petrification.


Message History

The helpless Terence fails to defend himself.
You hit Terence.
Terence is lightly wounded.
Terence hits you with a +0 flail.
You hit Terence but do no damage.
Terence is lightly wounded.
Terence hits you with a +0 flail!
You aren't carrying any items that you can evoke.
Okay, then.
a - a +0 long sword (weapon)
Terence hits you with a +0 flail.
You hit Terence but do no damage.
Terence is lightly wounded.
Terence hits you with a +0 flail.
You hit Terence but do no damage.
Terence is lightly wounded.
Terence hits you but does no damage. Terence screams, "I want your blood!"
Terence hits you with a +0 flail. Terence attacks as you move away!
You block Terence's attack.
It was a potion of berserk rage.
A red film seems to cover your vision as you go berserk!
You feel yourself moving faster!
You feel mighty! Terence hits you but does no damage.
You slash Terence!
Terence is severely wounded.
Terence hits you with a +0 flail.
* * * LOW HITPOINT WARNING * * *
You closely miss Terence.
Terence is severely wounded.
Terence says, "Did you write a will?
You should..."
Terence hits you with a +0 flail.
* * * LOW HITPOINT WARNING * * *
You barely miss Terence.
Terence is severely wounded.
Terence hits you but does no damage.
You barely miss Terence.
Terence is severely wounded.
Terence hits you with a +0 flail!
You die...

###########
#.........#
#.........#
#.........#
#.>.......#
########.........#
............$..<.#
#...@@......#
#..#.........#
#...############
#.## #. #


You could see Terence.

Vanquished Creatures
  2 adders (D:2)
  A worm (D:2)
  2 dart slugs (D:1)
  6 bats
  3 endoplasms
  5 giant cockroaches
  2 goblins
  3 hobgoblins
  7 kobolds
  A quokka (D:1)
  4 ball pythons
  4 rats
40 creatures vanquished.

Notes
Turn   | Place    | Note
-------+----------+-------------------------------------------
     0 | D:1      | belegose the Gargoyle Earth Elementalist began the quest
                  | for the Orb.
     0 | D:1      | Reached XP level 1. HP: 10/10 MP: 3/3
   101 | D:1      | Found a faded altar of an unknown god.
   179 | D:1      | Reached skill level 4 in Earth Magic
   399 | D:1      | Reached XP level 2. HP: 15/15 MP: 0/5
  1187 | D:1      | Reached XP level 3. HP: 18/19 MP: 3/6
  1761 | D:2      | Reached XP level 4. HP: 24/24 MP: 5/8
  2071 | D:3      | Noticed Terence
  2090 | D:3      | Slain by Terence

Illustrated notes

Levels and vault maps discovered:
D:1:      dpeg_arrival_round_a, layout_loops_corners,
          ebering_ecumenical_altar_box
D:2:      layout_rooms, chequers_serial_rivers_micro_a
D:3:      layout_rooms, portal_sewer_entry_a, uniq_terence

Skill      XL: |  1 |
---------------+----+-----
Earth Magic    | 4 |  4.8
Fighting       | |  0.1
Short Blades   | |  0.1
Dodging        | |  1.5
Stealth        | |  2.7
Unarmed Combat | |  0.1
Spellcasting   | |  2.8
Transmutations | |  0.7

Action                     |  1- 3 |  4- 6 || total
---------------------------+-------+-------++-------
  Melee: Unarmed           |    15 |       ||    15
         Dagger            |    70 |    27 ||    97
         Long sword        |       |     7 ||     7
   Cast: Sandblast         |    30 |       ||    30
    Use: Potion            |       |     1 ||     1
   Stab: Sleeping          |     3 |     4 ||     7
 Armour: Robe              |    16 |       ||    16
         Shadow dragon sca |    49 |    18 ||    67
  Dodge: Dodged            |    48 |     8 ||    56
  Block: Buckler           |       |     4 ||     4
